 Dungeon Crawl Stone Soup version 0.20.1-1-g8b1a95d (webtiles) character file.

345 OneorTwo the Chopper (level 6, -1/56 HPs)
             Began as a Hill Orc Fighter on Aug 4, 2017.
             Killed by divine providence
             ... invoked by an orc priest
              (13 damage)
             ... on level 5 of the Dungeon.
             The game lasted 00:10:29 (3762 turns).

OneorTwo the Chopper (Hill Orc Fighter)             Turns: 3762, Time: 00:10:29

Health: -1/56      AC:  6    Str: 21    XL:     6   Next: 58%
Magic:  6/6        EV:  7    Int:  8    God:
Gold:   227        SH:  9    Dex: 10    Spells: 5/5 levels left

rFire    + . .     SeeInvis .   y - +0 war axe
rCold    + . .     Gourm    .   c - +0 shield
rNeg     . . .     Faith    .   b - +0 scale mail
rPois    +         Spirit   .   (no helmet)
rElec    .         Reflect  .   j - scarf {rC+ rF+}
rCorr    .         Harm     .   (no gloves)
MR       .....                  (no boots)
Stlth    ..........             (no amulet)
Regen    0.2/turn               (no ring)
MPRegen  0.1/turn               (no ring)

@: no status effects
A: deterioration 1, poison resistance
a: Convert to Beogh


You were on level 5 of the Dungeon.
You were near starving.

You visited 1 branch of the dungeon, and saw 5 of its levels.

You collected 227 gold pieces.

Inventory:

Hand Weapons
 a - a +0 war axe
 y - a +0 war axe (weapon)
Missiles
 e - 189 stones (quivered)
Armour
 b - a +0 scale mail (worn)
 c - a +0 shield (worn)
 j - a scarf of resistance (worn)
Jewellery
 v - a cursed amulet of inaccuracy {unknown}
Wands
 x - a wand of lightning (12/15)
 A - a wand of disintegration (13/24)
Scrolls
 i - 3 scrolls of teleportation {unknown}
 m - 7 scrolls of identify {unknown}
 n - 3 scrolls of enchant weapon {unknown}
 p - a scroll of immolation {unknown}
 q - 2 scrolls of magic mapping {unknown}
 w - a scroll of remove curse {unknown}
 z - a scroll of enchant armour {unknown}
Potions
 d - a potion of might
 h - 3 potions of mutation
 k - 2 potions of curing {unknown}
 o - a potion of ambrosia {unknown}
 s - 2 potions of brilliance {unknown}
 t - 2 potions of flight {unknown}
 u - a potion of berserk rage {unknown}
Comestibles
 f - 2 bread rations
 g - 4 fruits
 l - 2 royal jellies
 r - 3 meat rations


   Skills:
 + Level 5.5 Fighting
 * Level 7.7 Axes
 - Level 3.2 Armour
 - Level 3.2 Shields


You had 5 spell levels left.
You didn't know any spells.

Dungeon Overview and Level Annotations

Branches:
Dungeon (5/15)
 Temple: D:4-7

Altars:
Dithmenos
Fedhas
Gozag
Hepliaklqana
Makhleb
Nemelex Xobeh
Qazlal
Yredelemnul
Zin
The Shining One


Innate Abilities, Weirdness & Mutations

Your body sometimes deteriorates upon taking damage.
Your system is resistant to poisons. (rPois)


Message History

Something tries to affect you, but you resist.
You miss something. Something hits you!
The orc priest shouts, "Surrender to Beogh and we'll let you live!"
You slash something!
Reactivating autopickup.
You feel a bit more experienced.
The orc priest calls down the wrath of Beogh upon you.
Pain shoots through your body!
* * * LOW HITPOINT WARNING * * *
It was a potion of mutation.
You feel extremely strange.
You feel yourself wasting away.
You feel resistant to poisons. You block the orc's attack.
You hit the orc but do no damage. The orc barely misses you.
Your shield prevents you from hitting the orc.
You block the orc's attack.
You slash the orc!
You kill the orc!
The orc priest calls down the wrath of Beogh upon you.
Beogh smites you!
You die...

.........#....##).
.##.............
........<....#
....##..........#.
... #...#>........
..##...#.##.#.#..
#...#.#...#.# # .
#...#.#...#.#
####...#@#.).# #
.......#o#...#
........o....#..
......##.##.....
#...# #....#.#..
#.. #....#.#.. #
......# ###....#
#...?#


You could see an orc priest and an orc.

Vanquished Creatures
  A centaur skeleton (D:4)
  An orc priest (D:3)
  An orc wizard (D:5)
  Terence (D:3)
  A worker ant (D:4)
  A howler monkey zombie (D:5)
  10 adders
  An ooze (D:3)
  2 worms
  3 dart slugs
  2 leopard geckos (D:3)
  11 orcs
  7 bats
  3 giant cockroaches
  5 goblins
  9 hobgoblins
  3 jackals (D:2)
  A quokka (D:3)
  5 frilled lizards
  12 kobolds
  5 rats
85 creatures vanquished.

Notes
Turn   | Place    | Note
-------+----------+-------------------------------------------
     0 | D:1      | OneorTwo the Hill Orc Fighter began the quest for the Orb.
     0 | D:1      | Reached XP level 1. HP: 19/19 MP: 1/1
    38 | D:1      | Reached skill level 3 in Axes
   100 | D:1      | Reached XP level 2. HP: 25/27 MP: 2/2
   352 | D:1      | Reached skill level 4 in Axes
   746 | D:2      | Reached XP level 3. HP: 32/33 MP: 3/3
   760 | D:2      | Found a glowing silver altar of Zin.
   857 | D:2      | Found a hazy altar of Hepliaklqana.
   978 | D:2      | Found a basalt altar of Yredelemnul.
  1234 | D:2      | Reached skill level 5 in Axes
  1234 | D:2      | Reached XP level 4. HP: 40/40 MP: 4/4
  1632 | D:2      | Found a shadowy altar of Dithmenos.
  2157 | D:3      | Found a blossoming altar of Fedhas.
  2199 | D:3      | Reached XP level 5. HP: 41/47 MP: 5/5
  2216 | D:3      | Reached skill level 6 in Axes
  2269 | D:3      | Found a glowing golden altar of the Shining One.
  2364 | D:3      | Noticed Terence
  2376 | D:3      | Killed Terence
  2376 | D:3      | Reached skill level 5 in Fighting
  2623 | D:3      | Reached XP level 6. HP: 49/56 MP: 6/6
  2895 | D:4      | Reached skill level 7 in Axes
  2917 | D:4      | Found a sparkling altar of Nemelex Xobeh.
  3110 | D:4      | Found a stormy altar of Qazlal.
  3112 | D:4      | Noticed a fire elemental
  3116 | D:4      | Noticed an air elemental
  3202 | D:4      | Found an opulent altar of Gozag.
  3455 | D:4      | Noticed a water elemental
  3484 | D:4      | Found a sparkling altar of Nemelex Xobeh.
  3585 | D:4      | Found a burning altar of Makhleb.
  3719 | D:5      | Entered Level 5 of the Dungeon
  3759 | D:5      | Gained mutation: Your body sometimes deteriorates upon taking damage. [potion of mutation]
  3759 | D:5      | Gained mutation: Your system is resistant to poisons. (rPois) [potion of mutation]
  3762 | D:5      | Killed from afar by an orc priest

Skill      XL: |  1  2  3  4  5  6 |
---------------+-------------------+-----
Axes           | 3 4 5 6 7 |  7.7
Fighting       | 4 5 |  5.5
Armour         | |  3.2
Shields        | |  3.2

Action                   |  1- 3 |  4- 6 || total
-------------------------+-------+-------++-------
Melee: War axe           |   107 |   223 ||   330
  Use: Potion            |       |     1 ||     1
  Eat: Chunk             |     1 |     7 ||     8
Armor: Scale mail        |    39 |    78 ||   117
Dodge: Dodged            |    33 |    56 ||    89
Block: Shield            |    64 |   104 ||   168
